 Dungeon Crawl Stone Soup version 0.25-a0-413-g3b4b6a4ccc (webtiles) character file.

Game seed: 6367591487900449964, levelgen mode: deterministic

2489 ChaosChampion the Destroyer (level 9, -4/62 HPs)
             Began as a Pale Draconian Conjurer on Jan 17, 2020.
             Slain by a hornet (11 damage)
             ... on level 8 of the Dungeon.
             The game lasted 00:29:27 (6760 turns).

ChaosChampion the Destroyer (DrCj)                  Turns: 6760, Time: 00:29:27

Health: -4/62      AC:  7    Str: 14    XL:     9   Next: 27%
Magic:  9/21       EV: 12    Int: 20    God:
Gold:   272        SH:  0    Dex: 11    Spells: 17/24 levels left

rFire    . . .     SeeInvis .   i - +3 hunting sling (flame)
rCold    . . .     Gourm    .   (no shield)
rNeg     . . .     Faith    .   (armour unavailable)
rPois    .         Spirit   .   (helmet restricted)
rElec    .         Reflect  .   (no cloak)
rCorr    .         Harm     .   (no gloves)
MR       .....     Clarity  +   (no boots)
Stlth    +++.......             (no amulet)
HPRegen  0.00/turn              B - ring "Loetos" {Fire Str+4 Stlth+}
MPRegen  0.17/turn              s - ring of ice

@: slowed, very slow
A: breathe steam, unfitting armour, clarity, sense surroundings 1, inhibited
regeneration, cold-blooded, AC +7
a: Breathe Steam


You were on level 8 of the Dungeon.
You were not hungry.

You visited 2 branches of the dungeon, and saw 9 of its levels.

You collected 402 gold pieces.
You spent 130 gold pieces at shops.

Inventory:

Hand Weapons
 a - a +0 dagger of draining
 e - a cursed -2 rapier
 i - a +3 hunting sling of flaming (weapon)
 y - a +1 dagger of venom
 A - a +2 vampiric hand axe
Missiles
 f - 58 bolts
 j - 219 stones (quivered)
 o - 28 poisoned darts
 p - 116 arrows
Jewellery
 s - a ring of ice (right hand)
 B - the ring "Loetos" (left hand) {Fire Str+4 Stlth+}
   (You found it on level 7 of the Dungeon)

   [ring of fire]

   It enhances your fire magic.
   It affects your strength (+4).
   It protects you from fire.
   It makes you vulnerable to cold.
   It makes you more stealthy.
Wands
 q - a wand of paralysis (14)
Scrolls
 g - 2 scrolls of teleportation
 k - 2 scrolls of immolation
 t - a scroll of remove curse
Potions
 d - 3 potions of heal wounds {unknown}
 h - a potion of resistance {unknown}
 l - 2 potions of berserk rage
 m - 2 potions of brilliance {unknown}
 n - 3 potions of flight {unknown}
 r - 2 potions of cancellation {unknown}
 u - a potion of lignification {unknown}
 x - a potion of curing
Comestibles
 b - 20 rations


   Skills:
 - Level 0.2 Slings
 - Level 1.7 Dodging
 - Level 1.7 Stealth
 - Level 0.2 Unarmed Combat
 * Level 8.4 Spellcasting
 * Level 9.7 Conjurations


You had 17 spell levels left.
You knew the following spells:

 Your Spells              Type           Power        Failure   Level  Hunger
a - Magic Dart            Conj           ####         1%          1    None
b - Searing Ray           Conj           #####.       1%          2    None
c - Fulminant Prism       Conj/Hex       ####......   11%         4    ###....

Your spell library contained the following spells:

 Spells                   Type           Power        Failure   Level  Hunger
 Dazzling Flash           Conj/Hex       ####..       3%          3    None
 Animate Skeleton         Necr           N/A          9%          1    None
 Corona                   Hex            #......      9%          1    None
 Pain                     Necr           #...         9%          1    None
 Iskenderun's Mystic Bla  Conj/Tloc      ####....     11%         4    ###....
 Ensorcelled Hibernation  Hex/Ice        ##....       12%         2    None
 Confusing Touch          Hex            #.......     24%         3    None
 Tukima's Dance           Hex            #.......     24%         3    None
 Vampiric Draining        Necr           #.........   24%         3    None
 Animate Dead             Necr           N/A          63%         4    ###....
 Agony                    Necr           #.......     92%         5    #####..


Dungeon Overview and Level Annotations

Branches:
Dungeon (8/15)             Temple (1/1) D:6
   Lair: D:8-11

Altars:
Ashenzari
Cheibriados
Elyvilon
Hepliaklqana
Kikubaaqudgha
Makhleb
Okawaru
Qazlal
Ru
Sif Muna
Trog
Uskayaw
Wu Jian
Xom
Yredelemnul
Zin
The Shining One

Shops:
D:6 %


Innate Abilities, Weirdness & Mutations

You can breathe blasts of scalding, opaque steam.
Your pale cyan-grey scales are hard. (AC +7)
You cannot fit into any form of body armour.
You are cold-blooded and may be slowed by cold attacks.
You possess an exceptional clarity of mind.
You passively map a small area around you.
You do not regenerate when monsters are visible.


Message History

You are poisoned.
You suddenly lose the ability to move!
The hornet stings you!
You feel as though you will be slow longer.
You feel sick. The hornet completely misses you. The hornet stings you!
You feel as though you will be slow longer.
You feel sick. The hornet stings you!
* * * LOW HITPOINT WARNING * * *
You feel as though you will be slow longer.
You can move again.
You feel better. The hornet stings you.
* * * LOW HITPOINT WARNING * * *
You feel as though you will be slow longer.
The hornet stings you!
* * * LOW HITPOINT WARNING * * *
You are lethally poisoned!
You shrug off the repeated paralysis!
You feel better.
The hornet stings you but does no damage.
The hornet stings you!
You die...

#.# ### * #.# #.., *
##.###### #.# , * * *
#.......# #.# * ,
###..####.# #.### *
#.#..## #.# #.#.##### ##
,
......###.###>...#.#.#.#
** **
.................w.##.#,
+ *
..........###...@y..†#.#
* #.###.#####
#.#.##.##.#.#* * *
#####÷# #.####.# #### ,
#<..# * #.# ### * #.###
* ..# ** * #.# #.# * #.#
* .# *** #.# ,** #.#


You could see a hornet and a worm.

Vanquished Creatures
  A hippogriff (D:7)
  Eustachio (D:6)
  A water moccasin (D:5)
  Duvessa (D:5)
  An ice beast (D:5)
  A sky beast (D:6)
  3 ogres
  A phantom (D:5)
  A centaur (D:5)
  Dowan (D:5)
  A scorpion (D:5)
  3 killer bees (D:7)
  A bullfrog zombie (D:6)
  A crimson imp (D:7)
  3 hounds (D:4)
  2 jellies (D:6)
  4 bullfrog skeletons
  An orc priest (D:5)
  10 orc wizards
  A centaur skeleton (D:6)
  3 iguanas
  4 worker ants
  A hound zombie (D:5)
  Robin (D:2)
  4 gnolls
  8 adders
  6 worms
  3 leopard geckos
  38 orcs
  5 giant cockroaches
  17 goblins
  12 hobgoblins
  18 jackals
  2 kobolds (D:1)
  4 quokkas
  A ball python (D:4)
  3 bats
  4 frilled lizards
  A quokka skeleton (D:4)
  A quokka zombie (D:5)
  6 rats
181 creatures vanquished.

Vanquished Creatures (others)
  3 fulminant prisms
3 creatures vanquished.

Grand Total: 184 creatures vanquished

Notes
Turn   | Place    | Note
-------+----------+-------------------------------------------
     0 | D:1      | ChaosChampion the Draconian Conjurer began the quest for
                  | the Orb.
     0 | D:1      | Reached XP level 1. HP: 14/14 MP: 3/3
   311 | D:1      | Reached XP level 2. HP: 10/20 MP: 0/5
   342 | D:1      | Learned a level 2 spell: Searing Ray
   559 | D:1      | Found an iron altar of Okawaru.
  1002 | D:2      | Found a shattered altar of Ashenzari.
  1016 | D:2      | Reached XP level 3. HP: 26/26 MP: 0/7
  1418 | D:2      | Found an ornate altar of the Wu Jian Council.
  1424 | D:2      | Noticed Robin
  1437 | D:2      | Killed Robin
  1438 | D:2      | Reached skill level 5 in Conjurations
  1454 | D:2      | Reached XP level 4. HP: 33/33 MP: 1/8
  2247 | D:3      | Reached XP level 5. HP: 37/38 MP: 4/10
  3209 | D:4      | Reached XP level 6. HP: 37/45 MP: 3/12
  3230 | D:4      | Reached skill level 6 in Conjurations
  3552 | D:4      | Reached skill level 5 in Spellcasting
  3552 | D:4      | Your scales start taking on a pale cyan-grey colour.
  3552 | D:4      | Reached XP level 7. HP: 50/50 MP: 10/14
  3674 | D:4      | Found a sacrificial altar of Ru.
  3749 | D:5      | Entered Level 5 of the Dungeon
  3749 | D:5      | Found an iron altar of Okawaru.
  4058 | D:4      | Gained mutation: You possess an exceptional clarity of
                  | mind. [potion of mutation]
  4058 | D:4      | Gained mutation: You can translocate small distances at
                  | will. [potion of mutation]
  4058 | D:4      | Gained mutation: You expend magic power (3 MP) to
                  | strengthen your wands. [potion of mutation]
  4064 | D:4      | Lost mutation: You expend magic power (3 MP) to strengthen
                  | your wands. [potion of mutation]
  4064 | D:4      | Lost mutation: You can translocate small distances at will.
                  | [potion of mutation]
  4064 | D:4      | Gained mutation: You do not regenerate when monsters are
                  | visible. [potion of mutation]
  4064 | D:4      | Gained mutation: You passively map a small area around you.
                  | [potion of mutation]
  4106 | D:5      | Reached skill level 7 in Conjurations
  4244 | D:5      | Noticed Dowan
  4304 | D:5      | Noticed Duvessa
  4307 | D:5      | Killed Dowan
  4319 | D:5      | Killed Duvessa
  4590 | D:5      | Reached XP level 8. HP: 50/57 MP: 7/17
  4764 | D:5      | Reached skill level 8 in Conjurations
  4985 | D:5      | Found a hazy altar of Hepliaklqana.
  5170 | D:6      | Noticed Eustachio
  5178 | D:6      | Killed Eustachio
  5297 | D:6      | Found a staircase to the Ecumenical Temple.
  5318 | Temple   | Entered the Ecumenical Temple
  5466 | D:6      | Found Burghaty's Food Shop.
  5474 | D:6      | Bought a ration for 65 gold pieces
  5474 | D:6      | Bought a ration for 65 gold pieces
  5521 | D:6      | Reached skill level 9 in Conjurations
  5859 | D:6      | Reached XP level 9. HP: 62/62 MP: 10/21
  6315 | D:7      | Learned a level 4 spell: Fulminant Prism
  6324 | D:7      | Found a basalt altar of Yredelemnul.
  6328 | D:7      | Found a glowing golden altar of the Shining One.
  6333 | D:7      | Found a snail-covered altar of Cheibriados.
  6430 | D:7      | Got a scintillating turquoise ring
  6434 | D:7      | Identified the ring "Loetos" {Fire Str+4 Stlth+} (You found
                  | it on level 7 of the Dungeon)
  6451 | D:7      | Found a flagged portal.
  6756 | D:8      | Paralysed by a hornet for 3 turns
  6759 | D:8      | HP: 2/62 [hornet (9)]
  6760 | D:8      | Slain by a hornet

Levels and vault maps discovered:
D:1:      nzn_arrival_settlement, layout_loops_corners, minivault_24,
          okawaru_ov_weapons_minmay
D:2:      layout_basic, ashenzari_conservatory_becter, lemuel_doored_altar,
          first_ration, uniq_robin
D:3:      layout_basic
D:4:      layout_gridville, overflow_temple_1_default
D:5:      layout_loops_ring, overflow_temple_1_default, marbit_many_paths,
          kennysheep_crisscross, uniq_duvessa
D:6:      layout_basic, minmay_temple_entry_tees, serial_shops, shop,
          uniq_eustachio
D:7:      layout_basic, minmay_overflow_temple_star_quad, enter_bailey_6
D:8:      layout_loops_corners, vehumet_altar_wand_db,
          ebering_ghost_disaster_area, hangedman_pestilent_swarm
Temple:   compressed_dpeg_triangle_lava_temple

Skill      XL: |  1  2  3  4  5  6  7  8 |
---------------+-------------------------+-----
Conjurations   | 5 6 7 9 |  9.7
Spellcasting   | 3 4 5 6 8 |  8.4
Slings         | |  0.2
Dodging        | |  1.7
Stealth        | |  1.7
Unarmed Combat | |  0.2

Action                   |  1- 3 |  4- 6 |  7- 9 || total
-------------------------+-------+-------+-------++-------
Melee: Unarmed           |    15 |       |       ||    15
       Tailslap          |     1 |       |     2 ||     3
       Hunting sling     |       |     3 |    12 ||    15
 Fire: Hunting sling     |    13 |    49 |     6 ||    68
 Cast: Magic Dart        |    57 |    82 |   104 ||   243
       Searing Ray       |     3 |    20 |    50 ||    73
       Fulminant Prism   |       |       |     3 ||     3
 Abil: Breathe Steam     |       |       |     1 ||     1
  Use: Scroll            |     2 |     3 |    10 ||    15
       Potion            |     1 |     2 |     5 ||     8
  Eat: Chunk             |     2 |     7 |    10 ||    19
Armor: Skin              |    18 |    26 |    47 ||    91
Dodge: Dodged            |    32 |    39 |    80 ||   151

Table legend:
 A = Non-vault XP
 B = Vault XP
 C = Vault XP percentage of total XP
 D = Non-vault monster count
 E = Vault monster count
 F = Vault count percentage of total count
                 A         B        C        D         E       F
            +---------+---------+-------+---------+---------+-------
      Total |    2957 |     599 |  16.8 |     165 |      16 |   8.8
            +---------+---------+-------+---------+---------+-------
        D:1 |      50 |       0 |   0.0 |      16 |       0 |   0.0
        D:2 |      69 |      34 |  33.0 |      16 |      11 |  40.7
        D:3 |     146 |       0 |   0.0 |      32 |       0 |   0.0
        D:4 |     624 |       0 |   0.0 |      33 |       0 |   0.0
        D:5 |     840 |     329 |  28.1 |      24 |       3 |  11.1
        D:6 |     521 |     203 |  28.0 |      24 |       1 |   4.0
        D:7 |     658 |       0 |   0.0 |      18 |       0 |   0.0
        D:8 |      49 |      33 |  40.2 |       2 |       1 |  33.3
            +---------+---------+-------+---------+---------+-------
